 Dungeon Crawl Stone Soup version 0.28-a0-1395-g4f6bc678fa (webtiles) character file.

Game seed: 6121673054201266267

351 eustatius the Quickloader (level 6, -3/47 HPs)
             Began as a Gnoll Wanderer on Jan 4, 2022.
             Was a Believer of the Shining One.
             Slain by a gnoll (6 damage)
             ... on level 4 of the Dungeon.
             The game lasted 00:20:55 (3012 turns).

eustatius the Quickloader (Gnoll Wanderer)          Turns: 3012, Time: 00:20:57

Health: -3/47      AC:  0    Str: 14    XL:     6   Next: 61%
Magic:  1/9        EV: 12    Int: 11    God:    the Shining One [**....]
Gold:   61         SH:  0    Dex: 11    Spells: 4/9 levels left

rFire   . . .      SeeInvis .   a - +2 hand crossbow
rCold   . . .      Faith    .   (no shield)
rNeg    + . .      Spirit   .   (no armour)
rPois   .          Reflect  .   (no helmet)
rElec   .          Harm     .   (no cloak)
rCorr   .          Rampage  .   (no gloves)
Will    .....                   (no boots)
Stlth   +.........              (no amulet)
HPRegen 0.15/turn               (no ring)
MPRegen 0.11/turn               (no ring)

@: very slightly contaminated, glowing
A: fangs 1, strong nose, distributed training
a: Renounce Religion, Divine Shield


You were on level 4 of the Dungeon.
You worshipped the Shining One.
The Shining One was pleased with you.
You visited 1 branch of the dungeon, and saw 4 of its levels.

You collected 61 gold pieces.

Inventory:

Hand Weapons
 a - a +2 hand crossbow (weapon)
 c - a +0 short sword
 i - a +0 dagger of draining
 j - a +0 dagger
 l - a +3 hand axe
 r - a +0 dagger of venom
Missiles
 b - 10 bolts (quivered ammo)
 m - 42 sling bullets
Armour
 d - a +0 ring mail
 s - a +0 scale mail
Jewellery
 t - an amulet of faith
Wands
 v - a wand of charming (3)
Scrolls
 e - a scroll of brand weapon {unknown}
 f - a scroll of immolation {unknown}
 g - a scroll of blinking {unknown}
 h - a scroll of acquirement {unknown}
 k - a scroll of vulnerability {unknown}
 n - 3 scrolls of identify {unknown}
 w - a scroll of amnesia {unknown}
Potions
 o - a potion of lignification {unknown}
 p - a potion of degeneration {unknown}
 q - 2 potions of curing {unknown}
 u - a potion of mutation {unknown}


   Skills:
 + Level 3.3 Fighting
 + Level 3.3 Short Blades
 + Level 2.0 Long Blades
 + Level 2.0 Axes
 + Level 2.0 Maces & Flails
 + Level 2.0 Polearms
 + Level 2.0 Staves
 + Level 2.0 Slings
 + Level 2.0 Bows
 + Level 10.6 Crossbows
 + Level 2.0 Throwing
 + Level 6.8 Armour
 + Level 2.0 Dodging
 + Level 2.0 Stealth
 + Level 2.0 Shields
 + Level 2.0 Unarmed Combat
 + Level 2.0 Spellcasting
 + Level 1.6 Conjurations
 + Level 1.6 Hexes
 + Level 1.6 Summonings
 + Level 1.6 Necromancy
 + Level 1.6 Translocations
 + Level 1.6 Transmutations
 + Level 1.6 Fire Magic
 + Level 1.6 Ice Magic
 + Level 1.6 Air Magic
 + Level 1.6 Earth Magic
 + Level 1.6 Poison Magic
 + Level 2.2 Invocations
 + Level 2.0 Evocations


You had 4 spell levels left.
You knew the following spells:

 Your Spells              Type           Power      Damage    Failure   Level
a - Call Canine Familiar  Summ           4%         N/A       41%         3
b - Searing Ray           Conj           8%         2d4       22%         2

Your spell library contained the following spells:

 Spells                   Type           Power      Damage    Failure   Level
 Magic Dart               Conj           16%        1d3       16%         1
 Pain                     Necr           16%        1d4       16%         1
 Summon Small Mammal      Summ           16%        N/A       16%         1
 Ensorcelled Hibernation  Hex/Ice        8%         N/A       22%         2
 Spider Form              Tmut/Pois      4%         N/A       41%         3
 Summon Guardian Golem    Hex/Summ       4%         N/A       41%         3
 Tukima's Dance           Hex            4%         N/A       41%         3
 Fulminant Prism          Conj/Hex       2%         3d6       83%         4
 Passage of Golubria      Tloc           4%         N/A       83%         4
 Agony                    Necr           4%         N/A       99%         5
 Excruciating Wounds      Necr           2%         N/A       99%         5
 Yara's Violent Unravell  Hex/Tmut       2%         3d3       99%         5


Dungeon Overview and Level Annotations

Branches:
Dungeon (4/15)
 Temple: D:4-7

Altars:
Cheibriados
Makhleb
The Shining One

Shops:
D:3 (


Innate Abilities, Weirdness & Mutations

You have very sharp teeth.
Your uncanny sense of smell can sniff out nearby items.
Your experience applies equally to all skills.


Message History

Really attack while wielding your +2 hand crossbow?
Okay, then.
Cast which spell? (? or * to list)
The spell is quite dangerous to miscast (41% risk of failure)!
Continue anyway?
Okay, then.
A gnoll comes into view. It is wielding a +0 club.
Okay, then.
Casting: Call Canine Familiar (quite dangerous; 41% risk of failure)
Confirm with . or Enter, or press ? or * to list all spells.
The spell is quite dangerous to miscast (41% risk of failure)!
Continue anyway?
You miscast Call Canine Familiar.
You are very lightly contaminated with residual magic.
Nothing appears to happen.
The gnoll completely misses you.
Casting: Call Canine Familiar (quite dangerous; 41% risk of failure)
Confirm with . or Enter, or press ? or * to list all spells.
Aiming: Searing Ray (safe; 22% risk of failure)
Press: ? - help, Shift-Dir - straight line, f - gnoll
Aim: a gnoll, wielding a +0 flail (haloed, 84% to hit)
The searing ray hits the gnoll.
The gnoll is heavily wounded. (Press . to maintain the ray.)
The gnoll hits you with a +0 flail! The gnoll misses you.
The searing ray hits the gnoll!
The gnoll is almost dead.
The gnoll hits you with a +0 whip of electrocution.
The searing ray hits the gnoll.
You kill the gnoll!
The gnoll hits you with a +0 whip of electrocution!
The gnoll closely misses you. The gnoll misses you.
You finish channelling your searing ray.
The gnoll barely misses you. x3
The gnoll completely misses you. The gnoll barely misses you.
The gnoll misses you.
The gnoll hits you with a +0 whip of electrocution!
You are electrocuted!
* * * LOW HITPOINT WARNING * * *
The gnoll hits you with a +0 club.
* * * LOW HITPOINT WARNING * * *
The gnoll hits you with a +0 club.
You die...

......##..........#
#.#.# #. .....#
##.##'####.# #.#.# #.
.....####.##)#<...#
#.# #.
..........#.......###
#.# #†
....#######.).......
###.
..#'#.....#........#
#...
........#.........##
#.#.
................)g##.#
#.#.
........#.......@g'..#
# #.
#'#######........g####
#. #.# #.........# ..
#.# #.....##'### ##
..# #.....##...# #.#
#.....####.# #.#
#.....####.# ###
#.......##.#
#######.##.#


You could see 3 gnolls.

Vanquished Creatures
  An ice beast (D:3)
  A hound (D:4)
  A centaur skeleton (D:4)
  An iguana (D:3)
  An orc wizard (D:3)
  2 gnolls
  4 adders
  A worm (D:3)
  A dart slug (D:3)
  12 orcs
  8 ball pythons
  6 endoplasms
  4 giant cockroaches
  5 goblins
  3 hobgoblins (D:1)
  10 kobolds
  8 quokkas
  6 bats
  4 frilled lizards
  6 rats
85 creatures vanquished.

Notes
Turn   | Place    | Note
-------+----------+-------------------------------------------
     0 | D:1      | Reached skill level 10 in Crossbows
     0 | D:1      | eustatius the Gnoll Wanderer began the quest for the Orb.
     0 | D:1      | eustatius set off with the following items: a +2 hand
                  | crossbow, 29 bolts, a +0 short sword, a +0 ring mail
     0 | D:1      | Reached XP level 1. HP: 17/17 MP: 1/1
   219 | D:1      | Reached XP level 2. HP: 23/23 MP: 2/2
   422 | D:1      | Found a faded altar of an unknown god.
   439 | D:1      | Prayed at the altar of an unknown god.
   439 | D:1      | Became a worshipper of the Shining One
   439 | D:1      | Reached * piety under the Shining One
   854 | D:1      | Reached XP level 3. HP: 28/28 MP: 3/3
  1322 | D:2      | Reached skill level 1 in Invocations
  1516 | D:3      | Reached skill level 1 in Long Blades
  1516 | D:3      | Reached skill level 1 in Axes
  1516 | D:3      | Reached skill level 1 in Maces & Flails
  1516 | D:3      | Reached skill level 1 in Polearms
  1516 | D:3      | Reached skill level 1 in Staves
  1516 | D:3      | Reached skill level 1 in Slings
  1516 | D:3      | Reached skill level 1 in Bows
  1516 | D:3      | Reached skill level 1 in Throwing
  1516 | D:3      | Reached skill level 1 in Dodging
  1516 | D:3      | Reached skill level 1 in Stealth
  1516 | D:3      | Reached skill level 1 in Shields
  1516 | D:3      | Reached skill level 1 in Unarmed Combat
  1516 | D:3      | Reached skill level 1 in Spellcasting
  1516 | D:3      | Reached skill level 1 in Evocations
  1526 | D:3      | Reached XP level 4. HP: 34/34 MP: 5/5
  1599 | D:3      | Noticed an ice beast
  1622 | D:3      | Reached skill level 1 in Conjurations
  1622 | D:3      | Reached skill level 1 in Hexes
  1622 | D:3      | Reached skill level 1 in Summonings
  1622 | D:3      | Reached skill level 1 in Necromancy
  1622 | D:3      | Reached skill level 1 in Translocations
  1622 | D:3      | Reached skill level 1 in Transmutations
  1622 | D:3      | Reached skill level 1 in Fire Magic
  1622 | D:3      | Reached skill level 1 in Ice Magic
  1622 | D:3      | Reached skill level 1 in Air Magic
  1622 | D:3      | Reached skill level 1 in Earth Magic
  1622 | D:3      | Reached skill level 1 in Poison Magic
  1627 | D:3      | Killed an ice beast
  1628 | D:3      | Reached XP level 5. HP: 24/41 MP: 5/7
  1886 | D:3      | Reached ** piety under the Shining One
  2003 | D:3      | Found a burning altar of Makhleb.
  2078 | D:3      | Found a snail-covered altar of Cheibriados.
  2106 | D:3      | Reached XP level 6. HP: 47/47 MP: 8/8
  2290 | D:3      | Found Zell's Antique Weapon Shop.
  2948 | D:4      | Learned a level 3 spell: Call Canine Familiar
  2951 | D:4      | Learned a level 2 spell: Searing Ray
  3012 | D:4      | Slain by a gnoll

Illustrated notes

Levels and vault maps discovered:
D:1:      ebering_hopf_link, layout_loops_ring, basic_ecumenical_altar,
          minmay_misc_feat_pillars, minivault_19, serial_park_tiny_1
D:2:      layout_rooms, minmay_misc_feat_more_columns
D:3:      layout_loops_ring, lemuel_crystal_altar,
          mainiacjoe_overflow_surrounded_room, serial_shops,
          nicolae_shop_crystal, chequers_mini_garden, st_stairs_10
D:4:      layout_basic, corexii_hall_statues_i, minivault_5,
          minmay_misc_feat_chi, grunt_decor_mini_mirrors

Skill      XL: |  1  2  3  4  5  6 |
---------------+-------------------+-----
Crossbows      | | 10.6
Invocations    | 1 2 |  2.2
Long Blades    | 1 2 |  2.0
Axes           | 1 2 |  2.0
Maces & Flails | 1 2 |  2.0
Polearms       | 1 2 |  2.0
Staves         | 1 2 |  2.0
Slings         | 1 2 |  2.0
Bows           | 1 2 |  2.0
Throwing       | 1 2 |  2.0
Dodging        | 1 2 |  2.0
Stealth        | 1 2 |  2.0
Shields        | 1 2 |  2.0
Unarmed Combat | 1 2 |  2.0
Spellcasting   | 1 2 |  2.0
Evocations     | 1 2 |  2.0
Conjurations   | 1 |  1.6
Hexes          | 1 |  1.6
Summonings     | 1 |  1.6
Necromancy     | 1 |  1.6
Translocations | 1 |  1.6
Transmutations | 1 |  1.6
Fire Magic     | 1 |  1.6
Ice Magic      | 1 |  1.6
Air Magic      | 1 |  1.6
Earth Magic    | 1 |  1.6
Poison Magic   | 1 |  1.6
Fighting       | 3 |  3.3
Short Blades   | 3 |  3.3
Armour         | |  6.8

Action                   |  1- 3 |  4- 6 || total
-------------------------+-------+-------++-------
 Fire: Hand crossbow     |    84 |    99 ||   183
Throw: Throwing net      |     1 |       ||     1
 Cast: Searing Ray       |       |     1 ||     1
Armor: Ring mail         |    27 |    23 ||    50
       Scale mail        |       |     5 ||     5
Dodge: Dodged            |    28 |    30 ||    58

Table legend: (Time is in decaauts)
 A = Elapsed time spent in this place.
 B = Non-inter-level travel time spent in this place.
 C = Inter-level travel time spent in this place.
 D = Time resting spent in this place.
 E = Time spent auto-exploring this place.
 F = Levels seen in this place.
 G = Mean time per level.
                   A        B        C        D        E       F      G
               +--------+--------+--------+--------+--------+-----+--------+
         Total |   3011 |   2702 |    309 |      0 |   1215 |   4 |  752.8 |
       Dungeon |   3011 |   2702 |    309 |      0 |   1215 |   4 |  752.8 |
               +--------+--------+--------+--------+--------+-----+--------+

Top non-repeatable levels by time:
     D:3: 1046 daAuts
     D:1: 998 daAuts
     D:2: 512 daAuts
     D:4: 453 daAuts
